 Dungeon Crawl Stone Soup version 0.29-a0-221-gceb61267dd (webtiles) character file.

Game seed: 4658778095920812778

25 Sweetruy1997 the Chopper (level 2, 0/40 HPs)
             Began as a Minotaur Berserker on Feb 26, 2022.
             Was a Follower of Trog.
             Slain by Natasha (4 damage)
             ... on level 2 of the Dungeon.
             The game lasted 00:01:44 (921 turns).

Sweetruy1997 the Chopper (Minotaur Berserker)        Turns: 921, Time: 00:01:45

Health: 0/40       AC:  5    Str: 21    XL:     2   Next: 86%
Magic:  1/1        EV: 11    Int:  4    God:    Trog [*.....]
Gold:   82         SH:  0    Dex:  9    Spells: 1/1 levels left

rFire   . . .      SeeInvis .   a - +0 hand axe
rCold   . . .      Faith    .   (no shield)
rNeg    . . .      Spirit   .   d - +0 ring mail
rPois   .          Reflect  .   (helmet restricted)
rElec   .          Harm     .   (no cloak)
rCorr   .          Rampage  .   (no gloves)
Will    .....                   (no boots)
Stlth   ..........              (no amulet)
HPRegen 0.13/turn               (no ring)
MPRegen 0.07/turn               (no ring)

@: berserking, very quick
A: horns 2, retaliatory headbutt
a: Renounce Religion, Berserk


You were on level 2 of the Dungeon.
You worshipped Trog.
Trog was aware of your devotion.
You visited 1 branch of the dungeon, and saw 2 of its levels.

You collected 82 gold pieces.

Inventory:

Hand Weapons
 a - a +0 hand axe (weapon)
Armour
 d - a +0 ring mail (worn)
Scrolls
 b - 2 scrolls of identify {unknown}
 c - a scroll of blinking {unknown}
 f - a scroll of teleportation {unknown}
Potions
 e - a potion of magic {unknown}


   Skills:
 - Level 4.0 Fighting
 + Level 4.3 Axes
 + Level 2.7 Armour
 + Level 2.4 Dodging


You had one spell level left.
You didn't know any spells.
Your spell library was empty.

Dungeon Overview and Level Annotations

Branches:
Dungeon (2/15)

Altars:

Annotations:
D:2 Natasha


Innate Abilities, Weirdness & Mutations

You have a pair of horns on your head.
You reflexively headbutt those who attack you in melee.


Message History

You hit the shadow imp but do no damage.
You barely miss the giant cockroach. The giant cockroach misses you.
Natasha barely misses you. You furiously retaliate!
You headbutt Natasha, but do no damage. The shadow imp hits you.
You closely miss Natasha.
Natasha is moderately wounded.
You completely miss the giant cockroach.
You completely miss the shadow imp. The giant cockroach barely misses you.
Natasha claws you. The shadow imp hits you.
The giant cockroach closely misses you. Natasha misses you.
You miss Natasha.
Natasha is moderately wounded.
You closely miss the shadow imp. You hit the giant cockroach.
You kill the giant cockroach!
Trog accepts your kill. The shadow imp hits you. Natasha claws you.
You barely miss Natasha.
Natasha is moderately wounded.
You completely miss the shadow imp. The shadow imp hits you.
Natasha closely misses you. You furiously retaliate!
You headbutt Natasha. You closely miss Natasha. Your headbutt misses Natasha.
Natasha is moderately wounded.
You closely miss the shadow imp. The shadow imp closely misses you.
Natasha barely misses you.
The shadow imp hits you but does no damage.
You hit Natasha.
Natasha is severely wounded.
You closely miss the shadow imp. Natasha closely misses you.
The shadow imp barely misses you.
You miss Natasha.
Natasha is severely wounded.
You hit the shadow imp but do no damage.
Natasha claws you.
* * * LOW HITPOINT WARNING * * *
The shadow imp shouts, "Take thy face hence, thou mangled fob-snatching mammet!"
The shadow imp hits you.
* * * LOW HITPOINT WARNING * * *
A red film seems to cover your vision as you go berserk!
You feel yourself moving faster!
You feel mighty! Natasha claws you.
You die...

### #.# ... # #.# #
#.##### #.#.#
....#...... # #.#.# ..
........#
#.#.#.###.######....<.
♣.........>........#.#
#.5h†............#.#
#..@##############.#
#..................#
#..#################
#.. ##. .. #. #.


You could see Natasha and a shadow imp (summoned).

Vanquished Creatures
  A dart slug (D:1)
  A ball python (D:1)
  An endoplasm (D:1)
  A giant cockroach (D:2)
  3 goblins (D:1)
  3 hobgoblins (D:1)
  3 jackals (D:1)
  2 quokkas (D:1)
  3 kobolds (D:1)
  2 rats (D:1)
20 creatures vanquished.

Notes
Turn   | Place    | Note
-------+----------+-------------------------------------------
     0 | D:1      | Sweetruy1997 the Minotaur Berserker began the quest for the
                  | Orb.
     0 | D:1      | Reached XP level 1. HP: 19/19 MP: 0/0
   208 | D:1      | Reached XP level 2. HP: 15/27 MP: 1/1
   906 | D:2      | Noticed Natasha
   921 | D:2      | Slain by Natasha

Illustrated notes

Levels and vault maps discovered:
D:1:      dpeg_arrival_water_temple_mockup, layout_basic
D:2:      layout_basic, basic_ecumenical_altar, serial_shops,
          nicolae_shop_trees, uniq_jessica, uniq_natasha

Skill      XL: |  1  2 |
---------------+-------+-----
Axes           | 4 |  4.3
Fighting       | 4 |  4.0
Armour         | |  2.7
Dodging        | |  2.4

Action                   || total
-------------------------++-------
Melee: Hand axe          ||    44
       Headbutt          ||     4
       Punch             ||     1
Invok: Berserk           ||     1
Armor: Ring mail         ||    19
       Animal skin       ||     2
Dodge: Dodged            ||    40

Table legend: (Time is in decaauts)
 A = Elapsed time spent in this place.
 B = Non-inter-level travel time spent in this place.
 C = Inter-level travel time spent in this place.
 D = Time resting spent in this place.
 E = Time spent auto-exploring this place.
 F = Levels seen in this place.
 G = Mean time per level.
                   A        B        C        D        E       F      G
               +--------+--------+--------+--------+--------+-----+--------+
         Total |    925 |    887 |     38 |      0 |    752 |   2 |  462.5 |
       Dungeon |    925 |    887 |     38 |      0 |    752 |   2 |  462.5 |
               +--------+--------+--------+--------+--------+-----+--------+

Top non-repeatable levels by time:
     D:1: 887 daAuts
     D:2: 38 daAuts
